 Dungeon Crawl Stone Soup version 0.22-a0-455-ga0624bf (webtiles) character file.

3130 galech the Basher (level 9, -13/93 HPs)
             Began as an Ogre Berserker on June 5, 2018.
             Was an Elder of Trog.
             Mangled by an orc warrior
             ... wielding a +0 battleaxe
              (26 damage)
             ... on level 8 of the Dungeon.
             The game lasted 00:11:10 (7411 turns).

galech the Basher (Ogre Berserker)                  Turns: 7411, Time: 00:11:11

Health: -13/93     AC:  8    Str: 29      XL:     9   Next: 92%
Magic:  9/9        EV: 11    Int:  8      God:    Trog [****..]
Gold:   327        SH:  0    Dex:  7 (8)  Spells: 8/8 levels left

rFire    . . .     SeeInvis .   q - +0 mace (protect)
rCold    . . .     Gourm    .   (no shield)
rNeg     . . .     Faith    .   g - +0 acid dragon scales
rPois    +         Spirit   .   (helmet restricted)
rElec    .         Reflect  .   (no cloak)
rCorr    +         Harm     .   (gloves unavailable)
MR       ++...                  (boots unavailable)
Stlth    +.........             x - amulet of regeneration
HPRegen  1.65/turn              y - +3 ring of strength
MPRegen  0.11/turn              k - ring of poison resistance

@: berserk cooldown, regenerating, slowed, very slow
A: large, unfitting armour, tough skin 1
a: Berserk, Trog's Hand, Brothers in Arms, Renounce Religion


You were on level 8 of the Dungeon.
You worshipped Trog.
Trog was greatly pleased with you.
You were very hungry.

You visited 1 branch of the dungeon, and saw 8 of its levels.

You collected 492 gold pieces.
You spent 165 gold pieces at shops.

Inventory:

Hand Weapons
 q - a +0 mace of protection (weapon)
Armour
 g - +0 acid dragon scales (worn)
 u - a +2 robe of magic resistance
Jewellery
 k - a ring of poison resistance (right hand)
 o - an uncursed ring of protection from cold
 x - an amulet of regeneration (around neck)
 y - a +3 ring of strength (left hand)
Wands
 E - a wand of flame (17)
Scrolls
 a - 2 scrolls of immolation
 d - 6 scrolls of enchant armour
 i - 3 scrolls of remove curse
 j - a scroll of enchant weapon
 l - 2 scrolls of noise
 m - a scroll of fear
 p - a scroll of fog
 r - 2 scrolls of magic mapping
 A - a scroll of teleportation
 C - 2 scrolls of identify
Potions
 b - 3 potions of agility
 e - a potion of lignification {unknown}
 f - 3 potions of resistance
 h - a potion of magic
 n - 7 potions of curing
 s - a potion of brilliance
 t - 4 potions of heal wounds
 v - a potion of mutation {unknown}
 w - 2 potions of invisibility {unknown}
 z - a potion of haste
 D - 3 potions of ambrosia {unknown}
 F - 3 potions of degeneration {unknown}
Comestibles
 c - 20 rations


   Skills:
 + Level 7.5 Fighting
 + Level 8.6 Maces & Flails
 + Level 4.7 Armour
 + Level 6.5 Dodging
 + Level 1.1 Stealth


You had 8 spell levels left.
You didn't know any spells.
Your spell library was empty.

Dungeon Overview and Level Annotations

Branches:
Dungeon (8/15)             Temple (0/1) D:4
   Lair: D:8-11

Altars:
Hepliaklqana
Sif Muna
Xom

Shops:
D:5 ?


Innate Abilities, Weirdness & Mutations

You are too large for most types of armour.
You have tough skin. (AC +1)


Message History

You are too injured to fight recklessly!
Your skin crawls.
You feel resistant to hostile enchantments.
You are feeling very hungry.
The orc warrior hits you with a battleaxe!!
* * * LOW HITPOINT WARNING * * *
You closely miss the orc warrior.
The orc warrior is heavily wounded.
The orc warrior hits you with a battleaxe!
* * * LOW HITPOINT WARNING * * *
You hit the orc warrior but do no damage.
Your weapon exudes an aura of protection.
The orc warrior is heavily wounded.
The orc warrior hits you with a battleaxe!
* * * LOW HITPOINT WARNING * * *
The orc warrior hits you with a battleaxe.
* * * LOW HITPOINT WARNING * * *
All of the chunks of flesh in your inventory have rotted away.
The orc warrior hits you with a battleaxe!!
You die...

###### #....#
###### #..>.#
#....# ####
#(.o@####....# #..#
. ##o#.........##
#..# [..
#.#####......###.##
.....###o###
#..#.#.##..###
........!..#
##.#.#.......#
...........#
#......#...)#
....$......#
##.....#.#(.#
.........$.#
##...##.#...
.....((..###
##.......#)#.


You could see an orc warrior and an orc.

Vanquished Creatures
  Pikel (D:7)
  2 ice beasts
  An orc warrior (D:7)
  A black bear (D:5)
  A slave (D:6)
  2 ogres (D:6)
  3 centaurs (D:8)
  2 bullfrogs
  3 big kobolds
  7 scorpions
  A howler monkey (D:5)
  A crimson imp (D:6)
  A quasit (D:8)
  A bullfrog zombie (D:5)
  A centaur zombie (D:5)
  4 hounds
  3 bullfrog skeletons
  An orc priest (D:6)
  A jelly (D:5)
  7 iguanas
  3 worker ants
  8 orc wizards
  A hound zombie (D:8)
  2 hound skeletons
  A worker ant zombie (D:5)
  7 gnolls
  11 adders
  A shadow imp (D:6)
  2 oozes
  An adder skeleton (D:5)
  2 worms
  2 dart slugs (D:1)
  3 leopard geckos
  17 orcs
  6 giant cockroaches
  5 hobgoblins
  8 jackals
  11 kobolds
  6 quokkas
  7 bats
  3 frilled lizards
  A goblin (D:3)
  A leopard gecko zombie (D:5)
  A quokka skeleton (D:5)
  8 rats
  2 plants (D:2)
164 creatures vanquished.

Vanquished Creatures (others)
  A slave (D:6)
  A bullfrog (D:6)
  A plant (D:2)
3 creatures vanquished.

Grand Total: 167 creatures vanquished

Notes
Turn   | Place    | Note
-------+----------+-------------------------------------------
     0 | D:1      | galech the Ogre Berserker began the quest for the Orb.
     0 | D:1      | Reached XP level 1. HP: 24/24 MP: 1/1
    75 | D:1      | Reached XP level 2. HP: 4/32 MP: 2/2
   469 | D:1      | Reached skill level 3 in Maces & Flails
   717 | D:1      | Reached XP level 3. HP: 34/40 MP: 3/3
  1348 | D:2      | Reached XP level 4. HP: 43/49 MP: 4/4
  1373 | D:2      | Found a deep blue altar of Sif Muna.
  2194 | D:3      | Reached ** piety under Trog
  2462 | D:3      | Noticed an ice beast
  2495 | D:3      | Killed an ice beast
  2495 | D:3      | Reached skill level 4 in Maces & Flails
  2495 | D:3      | Reached skill level 1 in Armour
  2495 | D:3      | Reached XP level 5. HP: 10/55 MP: 5/5
  2839 | D:3      | Reached XP level 6. HP: 65/65 MP: 6/6
  3251 | D:4      | Reached skill level 5 in Fighting
  3435 | D:4      | Reached skill level 5 in Maces & Flails
  3435 | D:4      | Reached XP level 7. HP: 72/72 MP: 7/7
  3673 | D:4      | Found a staircase to the Ecumenical Temple.
  4248 | D:5      | Entered Level 5 of the Dungeon
  4316 | D:5      | Found Zaiq's Magic Scroll Shop.
  4352 | D:5      | Bought a scroll of identify for 30 gold pieces
  4352 | D:5      | Bought a scroll of identify for 30 gold pieces
  4352 | D:5      | Bought a scroll of identify for 30 gold pieces
  4352 | D:5      | Bought a scroll of identify for 30 gold pieces
  4368 | D:5      | Bought a scroll of remove curse for 45 gold pieces
  4463 | D:5      | Reached skill level 5 in Dodging
  4717 | D:5      | Reached *** piety under Trog
  4806 | D:5      | Reached XP level 8. HP: 80/83 MP: 8/8
  5176 | D:6      | Reached skill level 6 in Maces & Flails
  5190 | D:6      | Noticed Pikel
  5230 | D:7      | Killed Pikel
  5413 | D:6      | Reached skill level 7 in Maces & Flails
  5413 | D:6      | Reached XP level 9. HP: 92/92 MP: 9/9
  5769 | D:6      | Found a hazy altar of Hepliaklqana.
  6356 | D:7      | Reached **** piety under Trog
  6656 | D:7      | Found a shimmering altar of Xom.
  6702 | D:7      | Reached skill level 8 in Maces & Flails
  6825 | D:7      | Reached skill level 1 in Stealth
  7411 | D:8      | Mangled by an orc warrior

Vault maps used:
D:1:      dpeg_arrival_tiny_i, serial_forest, infiniplex_forest_straight_1,
          infiniplex_forest_clump_long, infiniplex_forest_straight_2,
          infiniplex_forest_clump_small, infiniplex_forest_clump_long,
          infiniplex_forest_lined_2
D:2:      wad_woods_stonehenge
D:3:      first_ration, grunt_ministairs_15
D:4:      temple_statues
D:5:      cheibrodos_thug_alley, serial_shops, nicolae_shop_stone
D:6:      overflow_temple_1_default, uniq_pikel
D:7:      xom_teletrap_fun
D:8:      blue_anna_alchemist

Skill      XL: |  1  2  3  4  5  6  7  8  9 |
---------------+----------------------------+-----
Maces & Flails | 3 4 5 7 8 |  8.6
Dodging        | 3 4 5 6 |  6.5
Armour         | 1 2 3 4 |  4.7
Fighting       | 5 6 7 |  7.5
Stealth        | 1 |  1.1

Action                   |  1- 3 |  4- 6 |  7- 9 || total
-------------------------+-------+-------+-------++-------
Melee: Mace              |   106 |   275 |   580 ||   961
Invok: Berserk           |     1 |     3 |     4 ||     8
       Trog's Hand       |       |     2 |     2 ||     4
  Use: Scroll            |       |       |    19 ||    19
  Eat: Chunk             |     2 |    11 |    14 ||    27
       Ration            |       |       |     1 ||     1
Armor: Animal skin       |    32 |       |       ||    32
       Acid dragon scale |    21 |   153 |   356 ||   530
Dodge: Dodged            |    75 |   192 |   369 ||   636

Table legend:
 A = Spawn XP
 B = Non-spawn XP
 C = Spawn XP percentage of total XP
 D = Spawn monster count
 E = Non-spawn monster count
 F = Spawn count percentage of total count
 G = Total turns spent on level
                    A         B        C        D         E        F      G
               +---------+---------+-------+---------+---------+-------+---------
         Total |       0 |    4472 |   0.0 |       0 |     161 |   0.0 |  7411
               +---------+---------+-------+---------+---------+-------+---------
           D:1 |       0 |      37 |   0.0 |       0 |      17 |   0.0 |   951
           D:2 |       0 |      70 |   0.0 |       0 |      14 |   0.0 |  1161
           D:3 |       0 |     292 |   0.0 |       0 |      30 |   0.0 |  1027
           D:4 |       0 |     417 |   0.0 |       0 |      22 |   0.0 |  1109
           D:5 |       0 |     622 |   0.0 |       0 |      25 |   0.0 |   737
           D:6 |       0 |     916 |   0.0 |       0 |      23 |   0.0 |  1038
           D:7 |       0 |    1246 |   0.0 |       0 |      13 |   0.0 |   936
           D:8 |       0 |     872 |   0.0 |       0 |      17 |   0.0 |   452
               +---------+---------+-------+---------+---------+-------+---------
